 Dungeon Crawl Stone Soup version 0.31-a0-16-g6d2539766c (webtiles) character file.

Game seed: 13300177632269183336

175 lunkers the Gusty (level 6, 0/45 HPs)
             Began as a Meteoran Air Elementalist on May 8, 2023.
             Was an Initiate of Vehumet.
             Killed by their own static electricity (3 damage)
             ... on level 3 of the Dungeon.
             The game lasted 00:05:08 (1883 turns).

lunkers the Gusty (Meteoran Air Elementalist)       Turns: 1883, Time: 00:05:09

Health: 0/45       AC: 12    Str: 10    XL:     6   Next: 11%
Magic:  8/13       EV: 10    Int: 18    God:    Vehumet [......]
Gold:   129        SH:  0    Dex: 15    Spells: 3/13 levels left

rFire   . . .        (no weapon)
rCold   . . .        (no shield)
rNeg    . . .        l - +4 ring mail "Joxt" {rPois Stlth+}
rPois   +            e - +2 helmet
rElec   .            (no cloak)
rCorr   .            (no gloves)
SInv    .            (no boots)
Will    .....        g - amulet of magic regeneration
Stlth   +            (no ring)
HPRegen 0.27/turn    (no ring)
MPRegen 0.53/turn

%: no passive effects
@: very slightly contaminated, glowing
A: sense surroundings 1, otherworldly, glowing, explore regen
a: Renounce Religion


You were on level 3 of the Dungeon.
You worshipped Vehumet.
Vehumet was noncommittal.
You visited 2 branches of the dungeon, and saw 5 of its levels.

You collected 129 gold pieces.

Inventory:

Armour
 a - a +0 robe
 e - a +2 helmet (worn)
 l - the +4 ring mail "Joxt" (worn) {rPois Stlth+}
   (You found it on level 3 of the Dungeon)

   rPois:     It protects you from poison.
   Stlth:     It makes you more stealthy.
 p - an orb of wrath
Jewellery
 g - an amulet of magic regeneration (around neck)
Wands
 r - a wand of mindburst (19)
Scrolls
 c - a scroll of identify
 j - a scroll of teleportation
Potions
 b - 2 potions of magic
 d - a potion of attraction
 h - a potion of berserk rage
 n - a potion of lignification
 o - a potion of curing


   Skills:
 - Level 2.4 Dodging
 - Level 1.4 Stealth
 + Level 4.1 Spellcasting
 + Level 3.1 Conjurations
 * Level 5.8 Air Magic


You had 3 spell levels left.
You knew the following spells:

 Your Spells              Type           Power      Damage    Failure   Level
a - Shock                 Conj/Air       76%        1d7       6%          1
b - Static Discharge      Conj/Air       38%        2-4/arc   9%          2
c - Swiftness             Air            24%        N/A       11%         3
d - Airstrike             Air            12%        2d(2-18)  34%         4

Your spell library contained the following spells:

 Spells                   Type           Power      Damage    Failure   Level
 Summon Small Mammal      Summ           12%        N/A       36%         1
 Call Canine Familiar     Summ           3%         N/A       75%         3
 Summon Guardian Golem    Hex/Summ       3%         N/A       75%         3


Dungeon Overview and Level Annotations

Branches:
Dungeon (4/15) Zot: 592    Temple (1/1) D:4 Zot: 516

Altars:
Ashenzari
Cheibriados
Fedhas
Gozag
Hepliaklqana
Kikubaaqudgha
Makhleb
Nemelex Xobeh
Okawaru
Qazlal
Ru
Sif Muna
Trog
Uskayaw
Vehumet
Wu Jian
Yredelemnul
Zin
The Shining One


Innate Abilities, Weirdness & Mutations

You passively map a small area around you.
You are easily found by Zot.
You glow in the dark.
You regain HP and MP as you explore.


Message History

* * * LOW HITPOINT WARNING * * *
You hit the adder.
The adder is moderately wounded.
The adder closely misses you. The orc hits you but does no damage.
The orc priest calls upon Beogh to heal the orc.
The orc's wounds heal themselves!
The adder closely misses you. The orc attacks as you move away!
The orc barely misses you. The orc attacks as you move away!
The orc misses you.
There is a stone staircase leading up here.
The orc hits you with a +0 hand axe.
* * * LOW HITPOINT WARNING * * *
You climb upwards.
There is a stone staircase leading down here.
Casting: Shock (safe; 6% risk of failure)
Confirm with . or Enter, or press ? or * to list all spells.
The spell is quite dangerous to miscast (34% risk of failure)!
Continue anyway?
Okay, then.
Casting: Airstrike (quite dangerous; 34% risk of failure)
Confirm with . or Enter, or press ? or * to list all spells.
You miscast Static Discharge.
You are very lightly contaminated with residual magic.
Nothing appears to happen.
The orc closely misses you.
Unknown command.
Casting: Static Discharge (safe; 9% risk of failure)
Confirm with . or Enter, or press ? or * to list all spells.
The orc is struck by an arc of lightning.
The orc is moderately wounded.
You are struck by an arc of lightning.
* * * LOW HITPOINT WARNING * * *
The orc is struck by an arc of lightning.
The orc is severely wounded.
The lightning grounds out.
The orc hits you but does no damage.
Unknown command.
Casting: Static Discharge (safe; 9% risk of failure)
Confirm with . or Enter, or press ? or * to list all spells.
The orc is struck by an arc of lightning.
You kill the orc!
Vehumet accepts your kill.
You are struck by an arc of lightning.
You die...

#....##.###.#.
#####..##.# ###.
#......##.# #..
#.###.###.# ##..
#.# #.# #.# #...
#.# #.# #.###...
##.###.# #...##.#
###...##.###.#....#
#.@)..>......######
#.#...##.##..#
#.##.###.##..#
#.##.# #.##..#
#.##.# #.##..#
#.##.###.##..######
#.##..^.....÷......
#.###.#####÷..#####
#.# #.# #.###.####


There were no monsters in sight!

Vanquished Creatures
  A gnoll (D:3)
  8 adders
  4 worms
  4 dart slugs
  5 orcs
  5 bats
  5 endoplasms
  A giant cockroach (D:1)
  6 goblins
  5 hobgoblins
  5 jackals
  3 quokkas
  6 ball pythons
  4 frilled lizards
  3 kobolds (D:2)
  8 rats
73 creatures vanquished.

Notes
Turn   | Place    | Note
-------+----------+-------------------------------------------
     0 | D:1      | lunkers the Meteoran Air Elementalist began the quest for
                  | the Orb.
     0 | D:1      | Reached XP level 1. HP: 14/14 MP: 5/5
   124 | D:1      | Reached XP level 2. HP: 20/20 MP: 2/6
   356 | D:1      | Reached skill level 4 in Air Magic
   561 | D:2      | Reached XP level 3. HP: 26/26 MP: 6/8
   721 | D:2      | Found a sparkling altar of Nemelex Xobeh.
   930 | D:3      | Reached XP level 4. HP: 33/33 MP: 7/9
   971 | D:3      | Learned a level 2 spell: Static Discharge
   975 | D:3      | Learned a level 3 spell: Swiftness
   980 | D:3      | Learned a level 4 spell: Airstrike
  1073 | D:3      | Reached skill level 5 in Air Magic
  1089 | D:3      | Identified the +4 ring mail "Joxt" {rPois Stlth+}
  1106 | D:3      | Reached XP level 5. HP: 38/38 MP: 7/11
  1608 | D:3      | Found a glowing drain.
  1692 | D:3      | Glimpsed the power of Zot.
  1724 | D:4      | Found a staircase to the Ecumenical Temple.
  1736 | D:4      | Reached XP level 6. HP: 39/45 MP: 8/13
  1748 | Temple   | Entered the Ecumenical Temple
  1774 | Temple   | Became a worshipper of Vehumet
  1883 | D:3      | Killed from afar by themself

Illustrated notes

Levels and vault maps discovered:
D:1:      heliophobic_arrival_dark_side_of_the_moon, layout_loops_ring,
          palyth_stone_intersect, nicolae_hexahallways
D:2:      layout_basic, basic_altar, st_stairs_9, skrybe_limestone_x
D:3:      minmay_razor_zed, layout_loops_ring, cheibrodos_sewer_entry_bend,
          minmay_pentomino_pile
D:4:      layout_rooms, minmay_temple_entry_purple_smoke, serial_shops, shop
Temple:   hellmonk_temple_of_storms

Skill      XL: |  1  2  3  4  5 |
---------------+----------------+-----
Air Magic      | 4 5 |  5.8
Spellcasting   | 3 4 |  4.1
Conjurations   | 2 3 |  3.1
Dodging        | |  2.4
Stealth        | |  1.4

Action                     |  1- 3 |  4- 6 || total
---------------------------+-------+-------++-------
  Melee: Unarmed           |       |     4 ||     4
   Cast: Shock             |    56 |    93 ||   149
         Static Discharge  |       |    13 ||    13
    Use: Scroll            |       |    10 ||    10
 Armour: Robe              |     3 |     2 ||     5
         Ring mail         |       |    36 ||    36
  Dodge: Dodged            |     9 |    29 ||    38

Table legend: (Time is in decaauts)
 A = Elapsed time spent in this place.
 B = Non-inter-level travel time spent in this place.
 C = Inter-level travel time spent in this place.
 D = Time resting spent in this place.
 E = Time spent auto-exploring this place.
 F = Levels seen in this place.
 G = Mean time per level.
                   A        B        C        D        E       F      G
               +--------+--------+--------+--------+--------+-----+--------+
         Total |   1890 |   1757 |    133 |     24 |   1296 |   5 |  378.0 |
       Dungeon |   1807 |   1674 |    133 |      0 |   1278 |   4 |  451.8 |
        Temple |     83 |     83 |      0 |     24 |     18 |   1 |   83.0 |
               +--------+--------+--------+--------+--------+-----+--------+

Top non-repeatable levels by time:
     D:3: 796 daAuts
     D:1: 497 daAuts
     D:2: 420 daAuts
     D:4: 93 daAuts
  Temple: 83 daAuts
